 Dungeon Crawl Stone Soup version 0.20.0-9-g8272e65 (webtiles) character file.

145 Kosschaser the Shield-Bearer (level 5, -2/28 HPs)
             Began as a Vine Stalker Fighter on June 3, 2017.
             Slain by Crazy Yiuf
             ... wielding a +2 quarterstaff of chaos
              (3 damage)
             ... while paralysed by Crazy Yiuf
             ... on level 3 of the Dungeon.
             The game lasted 00:04:11 (2387 turns).

Kosschaser the Shield-Bearer (Vine Stalker Fighter) Turns: 2387, Time: 00:04:12

Health: -2/28      AC:  6    Str: 19    XL:     5   Next: 27%
Magic:  0/6        EV:  2    Int:  8    God:
Gold:   150        SH:  0    Dex: 14    Spells: 4/4 levels left

rFire    . . .     SeeInvis .   a - +0 long sword
rCold    + . .     Gourm    .   c - +0 shield
rNeg     . . .     Faith    .   b - +0 scale mail
rPois    .         Spirit   +   (no helmet)
rElec    .         Reflect  .   (no cloak)
rCorr    .         Harm     .   (no gloves)
MR       .....                  (no boots)
Stlth    ..........             (no amulet)
Regen    0.5/turn               p - ring of protection from cold
MPRegen  0.1/turn               (no ring)

@: paralysed, drained
A: fangs 2, regeneration 1, magic shield, antimagic bite, no potion heal 3, rot
immunity
a: no special abilities


You were on level 3 of the Dungeon.
You were hungry.

You visited 1 branch of the dungeon, and saw 4 of its levels.

You collected 150 gold pieces.

Inventory:

Hand Weapons
 a - a +0 long sword (weapon)
Armour
 b - a +0 scale mail (worn)
 c - a +0 shield (worn)
Jewellery
 p - a ring of protection from cold (left hand)
Scrolls
 e - 2 scrolls of teleportation {unknown}
 h - 2 scrolls of remove curse {unknown}
 j - 3 scrolls of enchant armour {unknown}
 k - a scroll of random uselessness {unknown}
 l - a scroll of fog {unknown}
 q - a scroll of enchant weapon {unknown}
 r - a scroll of fear {unknown}
 v - 2 scrolls of identify {unknown}
Potions
 d - a potion of might
 i - 3 potions of flight {unknown}
 m - a potion of curing {unknown}
 n - a potion of ambrosia {unknown}
 o - a potion of mutation {unknown}
 s - a potion of cancellation {unknown}
 t - a potion of heal wounds {unknown}
Comestibles
 f - a bread ration
 g - 9 fruits
 u - a meat ration


   Skills:
 + Level 3.1(2.8) Fighting
 + Level 3.0(2.7) Long Blades
 + Level 3.2(2.9) Armour
 + Level 0.2(0.0) Dodging
 + Level 3.6(3.4) Shields


You had 4 spell levels left.
You didn't know any spells.

Dungeon Overview and Level Annotations

Branches:
Dungeon (4/15)
 Temple: D:4-7

Altars:
Gozag
Nemelex Xobeh
Ru

Annotations:
D:3 Crazy Yiuf
D:4 Blork the orc


Innate Abilities, Weirdness & Mutations

You have extremely sharp teeth.
Your natural rate of healing is unusually fast.
When hurt, damage is shared between your health and your magic reserves.
Your bite disrupts and absorbs the magic of your enemies.
Potions cannot restore your health.
You are immune to rotting.


Message History

You bite Crazy Yiuf. You drain his power.
You feel invigorated.
Crazy Yiuf is lightly wounded.
Crazy Yiuf barely misses you.
You riposte.
You hit Crazy Yiuf. You bite Crazy Yiuf. You drain his power.
Crazy Yiuf is moderately wounded.
You hit Crazy Yiuf. Your bite misses Crazy Yiuf.
Crazy Yiuf is heavily wounded.
Crazy Yiuf barely misses you.
Crazy Yiuf hits you with a quarterstaff of chaos!
Crazy Yiuf says, "Island!"
Crazy Yiuf hits you with a quarterstaff of chaos.
You feel drained.
Crazy Yiuf hits you with a quarterstaff of chaos.
Crazy Yiuf hits you with a quarterstaff of chaos.
You suddenly lose the ability to move!
You feel yourself speed up.
Crazy Yiuf hits you with a quarterstaff of chaos!
* * * LOW HITPOINT WARNING * * *
Crazy Yiuf hits you with a quarterstaff of chaos.
You die...

.....>...................#
#.#..
...#######..###....##.##.#
#.### |..# #..#
#..####.##.## #.# # ...#
#..# #...###.##..# #.# #
...# #..#
#....##.###.###.# # ...#
#..# ##..##### #..##.# #
...# ###.# #....# ##.##.#
# ...######...# #....#
#..#.# # ........#.###
#.@.## #####.#.###
........#.# ##g##
#........## ........#(#
#.## #####.#..##
..).....#.# ##.# #......
........#.## #.## ###..##.
...........# ##.# #.......
...........# #'#
####.##.### ..####.....#
#...# #....##>... ..#
#.....# #...# #....######


You could see Crazy Yiuf.

Vanquished Creatures
  The ghost of Darkell the Chiller, an amateur DsIE (D:3)
  An iguana (D:4)
  An ooze (D:4)
  2 leopard geckos (D:3)
  2 orcs (D:3)
  A ball python (D:1)
  A giant cockroach (D:3)
  2 goblins
  10 hobgoblins
  3 kobolds
  5 bats
  4 frilled lizards
  2 rats (D:1)
35 creatures vanquished.

Notes
Turn   | Place    | Note
-------+----------+-------------------------------------------
     0 | D:1      | Kosschaser the Vine Stalker Fighter began the quest for the Orb.
     0 | D:1      | Reached XP level 1. HP: 11/11 MP: 2/2
   109 | D:1      | Reached XP level 2. HP: 12/16 MP: 3/3
   482 | D:2      | Found a sparkling altar of Nemelex Xobeh.
  1173 | D:3      | Reached XP level 3. HP: 19/19 MP: 4/4
  1187 | D:3      | Noticed Darkell's ghost (amateur DsIE)
  1290 | D:3      | Found a sacrificial altar of Ru.
  1482 | D:4      | Found an opulent altar of Gozag.
  1488 | D:4      | Gained mutation: Your natural rate of healing is unusually fast. [Vine Stalker growth]
  1488 | D:4      | Reached XP level 4. HP: 1/23 MP: 2/5
  1566 | D:4      | Noticed Blork the orc
  1745 | D:3      | Found a runed door.
  1819 | D:3      | Killed Darkell's ghost
  1819 | D:3      | Reached XP level 5. HP: 14/28 MP: 6/6
  2374 | D:3      | Noticed Crazy Yiuf
  2385 | D:3      | Paralysed by Crazy Yiuf for 6 turns
  2386 | D:3      | HP: 1/28 [Crazy Yiuf/quarterstaff of chaos (11)]
  2387 | D:3      | Slain by Crazy Yiuf

Skill      XL: |  1  2  3  4  5 |
---------------+----------------+-----
Shields        | 3 |  3.6
Long Blades    | 2 3 |  3.0
Armour         | 3 |  3.2
Fighting       | 3 |  3.1
Dodging        | |  0.2

Action                   |  1- 3 |  4- 6 || total
-------------------------+-------+-------++-------
Melee: Long sword        |    60 |    56 ||   116
       Bite              |    17 |    13 ||    30
  Eat: Chunk             |     2 |     2 ||     4
Armor: Scale mail        |    25 |    32 ||    57
Dodge: Dodged            |    31 |    19 ||    50
Block: Shield            |    34 |    23 ||    57
       Rpst.: Long sword |     9 |     6 ||    15
